 Dungeon Crawl Stone Soup version 0.29-a0-330-g52719c12eb (webtiles) character file.

Game seed: 7835934468395562962

2760 Crownlay the Digger (level 9, 0/58 HPs)
             Began as an Octopode Earth Elementalist on May 25, 2022.
             Was an Initiate of Gozag.
             Slain by a vampire mosquito (1 damage)
             ... on level 7 of the Dungeon.
             The game lasted 00:16:35 (8889 turns).

Crownlay the Digger (Octopode Earth Elementalist)   Turns: 8889, Time: 00:16:36

Health: 0/58       AC:  1    Str:  7    XL:     9   Next: 69%
Magic:  10/18      EV: 14    Int: 22    God:    Gozag
Gold:   602        SH:  0    Dex: 12    Spells: 12/20 levels left

rFire   . . .      SeeInvis .   g - +1 dagger (venom)
rCold   . . .      Faith    .   (no shield)
rNeg    . . .      Spirit   .   (helmet restricted)
rPois   .          Reflect  .   (no amulet)
rElec   .          Harm     .   i - ring of willpower
rCorr   .          Rampage  .   (no ring)
Will    +....                   (no ring)
Stlth   ++++......              (no ring)
HPRegen 0.19/turn               (no ring)
MPRegen 0.16/turn               (no ring)
                                (no ring)
                                (no ring)

@: no status effects
A: almost no armour, amphibious, 8 rings, camouflage 1, gelatinous body 1,
(nimble swimmer 1), tentacles
a: Renounce Religion, Potion Petition, Call Merchant, Bribe Branch


You were on level 7 of the Dungeon.
You worshipped Gozag.
Gozag was pleased with you.
You visited 1 branch of the dungeon, and saw 7 of its levels.

You collected 704 gold pieces.
You paid 102 gold pieces to Gozag.

Inventory:

Hand Weapons
 g - a +1 dagger of venom (weapon)
Missiles
 a - 92 stones
Armour
 f - a +0 buckler
Jewellery
 i - a ring of willpower (left tentacle)
Scrolls
 e - 4 scrolls of enchant weapon
 h - 3 scrolls of brand weapon
 l - a scroll of fog
 n - 2 scrolls of magic mapping
 q - a scroll of teleportation {unknown}
 r - a scroll of acquirement {unknown}
 w - a scroll of amnesia {unknown}
 x - a scroll of silence {unknown}
 y - a scroll of fear {unknown}
Potions
 b - a potion of magic
 c - 3 potions of degeneration {unknown}
 d - 5 potions of curing
 j - 2 potions of mutation {unknown}
 k - a potion of attraction {unknown}
 m - a potion of resistance {unknown}
 o - 2 potions of haste {unknown}
 s - a potion of cancellation {unknown}
 t - a potion of berserk rage {unknown}
 u - a potion of invisibility {unknown}
 v - 3 potions of ambrosia {unknown}


   Skills:
 + Level 4.1 Fighting
 + Level 4.9 Dodging
 + Level 6.8 Stealth
 + Level 6.1 Spellcasting
 + Level 4.2 Transmutations
 * Level 7.6 Earth Magic


You had 12 spell levels left.
You knew the following spells:

 Your Spells              Type           Power      Damage    Failure   Level
a - Sandblast             Erth           80%        2d17      1%          1
b - Stone Arrow           Conj/Erth      46%        3d9       5%          3
c - Petrify               Tmut/Erth      32%        N/A       8%          4

Your spell library contained the following spells:

 Spells                   Type           Power      Damage    Failure   Level
 Passwall                 Tmut/Erth      26%        N/A       1%          2
 Scorch                   Fire           12%        2d5       14%         2
 Static Discharge         Conj/Air       6%         N/A       14%         2
 Gell's Gravitas          Tloc           6%         N/A       26%         3
 Lesser Beckoning         Tloc           6%         N/A       26%         3
 Teleport Other           Tloc           6%         N/A       26%         3
 Ice Form                 Ice/Tmut       16%        N/A       36%         4
 Dispel Undead            Necr           6%         3d8       65%         4
 Flame Wave               Conj/Fire      6%         2d5       65%         4
 Hailstorm                Conj/Ice       6%         3d4       65%         4
 Sticky Flame             Conj/Fire      6%         2d3       65%         4
 Simulacrum               Ice/Necr       3%         N/A       100%        6
 Summon Cactus Giant      Summ           3%         N/A       100%        6
 Chain Lightning          Conj/Air       3%         3d4       100%        9
 Fire Storm               Conj/Fire      3%         8d1       100%        9
 Shatter                  Erth           20%        3d18*     100%        9


Dungeon Overview and Level Annotations

Branches:
Dungeon (7/15)             Temple (0/1) D:5

Altars:
Dithmenos
Gozag

Annotations:
D:3 3 runed translucent doors, initializr's ghost, amateur OpEE


Innate Abilities, Weirdness & Mutations

You cannot wear most types of armour.
You are amphibious.
You can wear up to eight rings at the same time.
Your skin changes colour to match your surroundings (Stealth+).
Your rubbery body absorbs attacks. (AC +1, EV +1)
((You are camouflaged when in or above water. (Stealth+)))
You have tentacles for arms and can constrict up to eight enemies at once.


Message History

The large slime creature closely misses you.
The large slime creature attacks as you move away!
The large slime creature closely misses you.
The vampire mosquito closely misses you.
A large slime creature splits.
The vampire mosquito attacks as you move away!
The vampire mosquito bites you.
The vampire mosquito draws strength from your injuries!
The vampire mosquito barely misses you.
Two slime creatures merge to form a large slime creature.
The vampire mosquito bites you.
The vampire mosquito draws strength from your injuries!
The vampire mosquito bites you but does no damage.
The vampire mosquito bites you!
* * * LOW HITPOINT WARNING * * *
The vampire mosquito draws strength from your injuries!
The vampire mosquito attacks as you move away!
The vampire mosquito bites you.
* * * LOW HITPOINT WARNING * * *
The vampire mosquito draws strength from your injuries!
Casting: Sandblast (safe; 1% risk of failure)
Confirm with . or Enter, or press ? or * to list all spells.
Aiming: Sandblast (safe; 1% risk of failure)
Press: ? - help, Shift-Dir - straight line, f - vampire mosquito
Aim: a vampire mosquito (72% to hit)
The blast of sand hits the vampire mosquito!!
The vampire mosquito is severely damaged.
The vampire mosquito bites you!
* * * LOW HITPOINT WARNING * * *
The vampire mosquito draws strength from your injuries!
The vampire mosquito barely misses you.
Casting: Sandblast (safe; 1% risk of failure)
Confirm with . or Enter, or press ? or * to list all spells.
Aiming: Sandblast (safe; 1% risk of failure)
Press: ? - help, Shift-Dir - straight line, f/p - vampire mosquito
Aim: a vampire mosquito (moderately damaged, 72% to hit)
The blast of sand misses the vampire mosquito.
The vampire mosquito bites you.
You die...
Your body crumbles into a pile of gold.

$##...##...o.## .
##.###..#..###.###....
........#{.........#
.######.#J##########
#.#.# #.#.# #...#
.#######..#########
..........y@[......
#..#####..######.##
#..# ### #..# ..#
#..####### #.#
#........#####.######
##.#####...<.........
#.# #..............
#.# #.######.#####.


You could see a vampire mosquito.

Vanquished Creatures
  Maggie (D:6)
  Prince Ribbit (D:5)
  Sigmund (D:6)
  Duvessa (D:6)
  An orc warrior (D:6)
  A sky beast (D:7)
  2 ice beasts
  2 black bears
  2 ogres (D:5)
  3 phantoms
  Blork the orc (D:4)
  6 scorpions
  A necrophage (D:4)
  Dowan (D:6)
  A howler monkey (D:7)
  4 hounds
  2 iguanas (D:5)
  2 orc wizards (D:6)
  9 adders
  4 gnolls (D:7)
  A white imp (D:6)
  An ufetubus (D:5)
  3 worms
  A dart slug (D:3)
  23 orcs
  8 endoplasms
  2 giant cockroaches (D:1)
  9 goblins
  5 hobgoblins
  4 jackals (D:2)
  3 quokkas
  9 ball pythons
  15 bats
  5 frilled lizards
  5 kobolds
  4 rats
144 creatures vanquished.

Notes
Turn   | Place    | Note
-------+----------+-------------------------------------------
     0 | D:1      | Crownlay the Octopode Earth Elementalist began the quest
                  | for the Orb.
     0 | D:1      | Reached XP level 1. HP: 11/11 MP: 3/3
   217 | D:1      | Reached XP level 2. HP: 14/17 MP: 0/5
   843 | D:1      | Reached XP level 3. HP: 21/21 MP: 4/7
   923 | D:1      | Found a faded altar of an unknown god.
  2012 | D:2      | Reached XP level 4. HP: 21/27 MP: 9/9
  2226 | D:2      | Learned a level 3 spell: Stone Arrow
  2279 | D:2      | Found a shadowy altar of Dithmenos.
  3168 | D:3      | Found a runed translucent gate.
  3168 | D:3      | Found a runed translucent gate.
  3168 | D:3      | Found a runed translucent gate.
  3174 | D:3      | Noticed initializr's ghost (amateur OpEE)
  3554 | D:3      | Reached skill level 4 in Earth Magic
  3554 | D:3      | Reached XP level 5. HP: 31/31 MP: 9/11
  4058 | D:4      | You fall into a shaft and drop 2 floors!
  4058 | D:6      | Noticed an ogre
  4067 | D:5      | Entered Level 5 of the Dungeon
  4211 | D:4      | Noticed a black bear
  4584 | D:5      | Noticed an ogre
  4591 | D:5      | Learned a level 4 spell: Petrify
  4607 | D:5      | Killed an ogre
  4608 | D:5      | Reached XP level 6. HP: 37/37 MP: 4/12
  4693 | D:5      | Reached skill level 1 in Fighting
  4856 | D:4      | Found an opulent altar of Gozag.
  4895 | D:4      | Reached XP level 7. HP: 25/43 MP: 8/14
  4916 | D:4      | Became a worshipper of Gozag Ym Sagoz the Greedy
  5263 | D:4      | Reached skill level 5 in Earth Magic
  5263 | D:4      | Noticed Blork the orc
  5269 | D:4      | Killed Blork the orc
  5775 | D:5      | Found a staircase to the Ecumenical Temple.
  5809 | D:5      | Reached skill level 5 in Spellcasting
  5920 | D:5      | Noticed Prince Ribbit
  5928 | D:5      | Killed Prince Ribbit
  5929 | D:5      | Reached XP level 8. HP: 51/51 MP: 11/15
  6357 | D:5      | Reached skill level 5 in Stealth
  6625 | D:5      | Reached skill level 6 in Earth Magic
  7376 | D:6      | Noticed Sigmund
  7384 | D:6      | Killed Sigmund
  7452 | D:6      | Reached XP level 9. HP: 57/57 MP: 7/17
  7523 | D:6      | Noticed Maggie
  7540 | D:6      | Killed Maggie
  7541 | D:6      | Reached skill level 7 in Earth Magic
  7736 | D:6      | Noticed Dowan
  7737 | D:6      | Noticed Duvessa
  7755 | D:6      | Killed Dowan
  7872 | D:6      | Killed Duvessa
  8888 | D:7      | HP: 1/58 [vampire mosquito (7)]
  8889 | D:7      | Slain by a vampire mosquito

Illustrated notes

Levels and vault maps discovered:
D:1:      amcnicky_arrival_choice, layout_basic,
          ebering_ecumenical_altar_petrified, minmay_pentomino_u2
D:2:      layout_basic, basic_altar
D:3:      layout_loops_corners, gammafunk_ghost_necromancy
D:4:      layout_cave_pods, kennysheep_mini, uniq_blork_the_orc
D:5:      layout_loops_corners, temple_green, uniq_prince_ribbit1
D:6:      layout_cave_pools, minmay_stone_trees_medium, uniq_duvessa,
          uniq_sigmund, uniq_maggie
D:7:      minmay_the_grid_octo_2x2 [minmay_the_grid_octo_clover,
          minmay_the_grid_octo_vomiting_pacman,
          minmay_the_grid_octo_checkerflower,
          minmay_the_grid_octo_prize_ultimate_mussel_roller], layout_loops_ring,
          serial_shops, nicolae_take_the_stairs, nicolae_shop_unique_rings,
          uniq_joseph

Skill      XL: |  1  2  3  4  5  6  7  8  9 |
---------------+----------------------------+-----
Spellcasting   | 3 4 5 6 |  6.1
Earth Magic    | 4 5 6 7 |  7.6
Stealth        | 3 4 5 6 |  6.8
Fighting       | 1 2 3 4 |  4.1
Dodging        | 3 4 |  4.9
Transmutations | 2 3 4 |  4.2

Action                   |  1- 3 |  4- 6 |  7- 9 || total
-------------------------+-------+-------+-------++-------
Melee: Unarmed           |     2 |       |       ||     2
       Dagger            |    32 |    70 |    12 ||   114
       Constrict         |     8 |    15 |     5 ||    28
       Tentacles         |     6 |    19 |     3 ||    28
 Cast: Sandblast         |    31 |    29 |    92 ||   152
       Petrify           |       |     1 |       ||     1
       Stone Arrow       |       |       |    32 ||    32
  Use: Scroll            |       |     5 |     3 ||     8
       Potion            |       |       |     3 ||     3
 Stab: Sleeping          |     3 |     8 |       ||    11
       Distracted        |     1 |       |       ||     1
       Petrified         |       |     5 |       ||     5
Armor: Skin              |     8 |     3 |     4 ||    15
Dodge: Dodged            |    21 |    42 |    47 ||   110

Table legend: (Time is in decaauts)
 A = Elapsed time spent in this place.
 B = Non-inter-level travel time spent in this place.
 C = Inter-level travel time spent in this place.
 D = Time resting spent in this place.
 E = Time spent auto-exploring this place.
 F = Levels seen in this place.
 G = Mean time per level.
                   A        B        C        D        E       F      G
               +--------+--------+--------+--------+--------+-----+--------+
         Total |   8892 |   8686 |    206 |      0 |   7668 |   7 | 1270.3 |
       Dungeon |   8892 |   8686 |    206 |      0 |   7668 |   7 | 1270.3 |
               +--------+--------+--------+--------+--------+-----+--------+

Top non-repeatable levels by time:
     D:5: 2105 daAuts
     D:2: 1748 daAuts
     D:6: 1336 daAuts
     D:1: 1162 daAuts
     D:3: 1115 daAuts
     D:4: 1071 daAuts
     D:7: 352 daAuts
